 Dungeon Crawl Stone Soup version 0.20-a0-1122-gb7cbeb9 (webtiles) character file.

1892 Amnesiac the Frost Mage (level 8, 0/36 HPs)
             Began as a Deep Elf Ice Elementalist on May 13, 2017.
             Was a Follower of Vehumet.
             Succumbed to a killer bee's poison
             ... on level 7 of the Dungeon.
             The game lasted 00:08:03 (5574 turns).

Amnesiac the Frost Mage (Deep Elf Ice Elementalist) Turns: 5574, Time: 00:08:04

Health: 0/36       AC:  4    Str:  4 (7)  XL:     8   Next: 93%
Magic:  0/18       EV: 12    Int: 20 (23) God:    Vehumet [*.....]
Gold:   295        SH:  0    Dex: 12 (15) Spells: 9/21 levels left

rFire    + . .     SeeInvis .   B - +2 flail (protect)
rCold    . . .     Gourm    .   (no shield)
rNeg     . . .     Faith    .   a - +0 robe
rPois    .         Spirit   +   (no helmet)
rElec    .         Reflect  .   L - +0 cloak
rCorr    .         Harm     .   j - +0 pair of gloves
MR       .....                  (no boots)
Stlth    ++........             J - amulet of guardian spirit
Regen    0.2/turn               H - +2 ring of strength
MPRegen  0.2/turn               r - ring of protection from fire

@: lethally poisoned (0 -> -1)
A: blurry vision 1, frail 1, low mp 1, evolution 1
a: Renounce Religion


You were on level 7 of the Dungeon.
You worshipped Vehumet.
Vehumet was aware of your devotion.
You were not hungry.

You visited 2 branches of the dungeon, and saw 8 of its levels.

You collected 295 gold pieces.

Inventory:

Hand Weapons
 B - a +2 flail of protection (weapon)
 K - a +3 quarterstaff of chaos
Missiles
 u - 6 poisoned needles
 G - 8 curare-tipped needles
Armour
 a - a +0 robe (worn)
 j - a +0 pair of gloves (worn)
 L - a +0 cloak (worn)
Jewellery
 r - a ring of protection from fire (right hand)
 H - a +2 ring of strength (left hand)
 J - an amulet of guardian spirit (around neck)
Wands
 h - a wand of polymorph (9/24)
 s - a wand of enslavement (21/24)
Scrolls
 d - 8 scrolls of identify {!r, unknown}
 e - a scroll of enchant weapon {!r, unknown}
 k - a scroll of recharging {!r, unknown}
 p - 2 scrolls of random uselessness {!r, unknown}
 x - 2 scrolls of teleportation {!r, unknown}
 y - a scroll of blinking {!r, unknown}
 C - a scroll of immolation {!r, unknown}
 E - a scroll of noise {!r, unknown}
 I - a scroll of remove curse {!r, unknown}
Potions
 f - a potion of magic {!q, unknown}
 g - 2 potions of resistance {!q, unknown}
 i - 2 potions of cancellation {!q, unknown}
 m - 5 potions of degeneration {!q}
 n - a potion of agility {!q, unknown}
 o - 3 potions of mutation {!q, unknown}
 q - 2 potions of lignification {!q, unknown}
 t - 2 potions of flight {!q, unknown}
 v - 2 potions of heal wounds {!q, unknown}
 w - 4 potions of curing {!q, unknown}
 z - 2 potions of brilliance {!q, unknown}
 A - a potion of invisibility {!q, unknown}
Books
 b - a book of Frost

   Spells                             Type                      Level
   a - Freeze                         Ice                          1
   b - Throw Frost                    Conjuration/Ice              2
   c - Ozocubu's Armour               Charms/Ice                   3
   d - Throw Icicle                   Conjuration/Ice              4
   e - Summon Ice Beast               Ice/Summoning                4
Comestibles
 c - 5 bread rations
 l - 3 meat rations
 D - 2 royal jellies
 F - 3 chunks of flesh


   Skills:
 - Level 2.4 Dodging
 - Level 2.4 Stealth
 + Level 7.0 Spellcasting
 * Level 8.4 Conjurations
 * Level 8.5 Ice Magic


You had 9 spell levels left.
You knew the following spells:

 Your Spells              Type           Power        Failure   Level  Hunger
a - Throw Icicle          Conj/Ice       #####...     2%          4    ###....
b - Ozocubu's Armour      Chrm/Ice       ###.....     4%          3    #......
c - Summon Ice Beast      Ice/Summ       ###.....     16%         4    ###....
d - Freeze                Ice            ####         1%          1    None


Dungeon Overview and Level Annotations

Branches:
Dungeon (7/15)             Temple (1/1) D:6

Altars:
Ashenzari
Cheibriados
Dithmenos
Fedhas
Gozag
Hepliaklqana
Kikubaaqudgha
Makhleb
Nemelex Xobeh
Okawaru
Qazlal
Ru
Sif Muna
Trog
Uskayaw
Vehumet
Wu Jian
Xom
Yredelemnul
Zin
The Shining One


Innate Abilities, Weirdness & Mutations

Scrolls take you a little longer to read.
You are frail. (-10% HP)
Your magical capacity is low. (-10% MP)
You evolve.


Message History

Casting: Freeze
Confirm with . or Enter, or press ? or * to list all spells.
Aiming: Freeze
Press: ? - help, Shift-Dir - straight line, f/p - bullfrog
Aim: a bullfrog (heavily wounded, slow)
You freeze the bullfrog.
The bullfrog is severely wounded.
The bullfrog closely misses you.
Casting: Freeze
Confirm with . or Enter, or press ? or * to list all spells.
Aiming: Freeze
Press: ? - help, Shift-Dir - straight line, f/p - bullfrog
Aim: a bullfrog (severely wounded, slow)
You freeze the bullfrog.
The bullfrog is almost dead.
You feel sick. The bullfrog closely misses you.
Casting: Freeze
Confirm with . or Enter, or press ? or * to list all spells.
You don't have enough magic to cast that spell.
A phantom comes into view.
You feel sick.
Casting: Freeze
Confirm with . or Enter, or press ? or * to list all spells.
Aiming: Freeze
Press: ? - help, Shift-Dir - straight line, f/p - bullfrog
Aim: a bullfrog (almost dead, slow)
You freeze the bullfrog.
You kill the bullfrog!
Vehumet accepts your kill.
You can now gain magical power from killing.
Vehumet offers you knowledge of Flame Tongue.
Your Spellcasting skill increases to level 7!
You feel sick. 5 killer bees come into view.
The killer bee buzzes angrily. x2
Found a scroll labeled JECHOHOIGO.
You feel sick. The phantom closely misses you.
You feel sick.
The phantom blinks!
You completely miss the phantom.
The killer bee buzzes angrily.
The killer bee stings you. The killer bee closely misses you.
The phantom blinks!
Okay, then.
Okay, then.
The killer bee stings you!
* * * LOW HITPOINT WARNING * * *
You feel sick. The killer bee closely misses you. The killer bee stings you.
* * * LOW HITPOINT WARNING * * *
The phantom misses you. The killer bee closely misses you.
The killer bee stings you but does no damage.
The killer bee closely misses you. The killer bee stings you.
* * * LOW HITPOINT WARNING * * *
The killer bee stings you!
* * * LOW HITPOINT WARNING * * *
The killer bee closely misses you. The killer bee stings you.
* * * LOW HITPOINT WARNING * * *
Really quaff
m - 6 fuming inky potions {!q}?
It was a potion of degeneration {!q}.
There was something very wrong with that liquid.
You feel weakened.
You feel dopey.
You feel clumsy.
You die...

....# #..#
#... S.().
#..####... .
...###...#...
.. #.##..#...#
...
#....##...###
....
#...........#
.....
#....######.#
......###W.y.#
.#
.......@yy...#
..
......###y...#
#.y .....
#..<.#


yy. .... #....# y.?. ... ...##...[#######y... .. #..........Fy... .
......##.#..####. #####.##.##.# #. #.# ... You could see a phantom and 4 killer
bees.

Vanquished Creatures
  Grinder (D:3)
  Edmund (D:4)
  Menkaure (D:6)
  A water moccasin (D:6)
  A necrophage (D:6)
  3 sky beasts
  A centaur (D:6)
  2 bullfrogs
  2 scorpions
  A killer bee (D:7)
  A centaur zombie (D:7)
  Crazy Yiuf (D:6)
  2 jellies
  2 hounds
  4 orc wizards
  3 iguanas
  4 worker ants
  2 hound skeletons
  A worker ant zombie (D:6)
  7 adders
  2 oozes
  2 worms
  5 dart slugs
  4 leopard geckos
  14 orcs
  A giant cockroach (D:2)
  3 goblins
  5 hobgoblins
  3 quokkas
  A ball python (D:4)
  2 frilled lizards
  A giant cockroach zombie (D:5)
  6 kobolds
  3 rats
93 creatures vanquished.

Notes
Turn   | Place    | Note
-------+----------+-------------------------------------------
     0 | D:1      | Amnesiac the Deep Elf Ice Elementalist began the quest for the Orb.
     0 | D:1      | Reached XP level 1. HP: 10/10 MP: 6/6
   290 | D:1      | Reached XP level 2. HP: 15/15 MP: 5/8
   767 | D:2      | Reached XP level 3. HP: 19/19 MP: 6/10
  1405 | D:3      | Reached XP level 4. HP: 11/24 MP: 6/12
  1411 | D:3      | Learned a level 4 spell: Throw Icicle
  1497 | D:3      | Noticed Grinder
  1922 | D:3      | Paralysed by Grinder for 4 turns
  1933 | D:3      | Killed Grinder
  1933 | D:3      | Reached skill level 5 in Conjurations
  1933 | D:3      | Reached XP level 5. HP: 24/28 MP: 1/13
  1933 | D:3      | Reached XP level 6. HP: 28/32 MP: 1/14
  2176 | D:4      | Reached skill level 5 in Ice Magic
  2540 | D:4      | Noticed Edmund
  2615 | D:4      | Killed Edmund
  2615 | D:4      | Reached XP level 7. HP: 30/36 MP: 0/16
  2903 | D:4      | Reached skill level 5 in Spellcasting
  2908 | D:4      | Learned a level 3 spell: Ozocubu's Armour
  2913 | D:4      | Learned a level 4 spell: Summon Ice Beast
  3062 | D:5      | Entered Level 5 of the Dungeon
  3405 | D:5      | Gained mutation: You are frail. (-10% HP) [mutagenic meat]
  3406 | D:5      | Gained mutation: Your magical capacity is low. (-10% MP) [mutagenic meat]
  3407 | D:5      | Gained mutation: You evolve. [mutagenic meat]
  3842 | D:5      | Gained mutation: Scrolls take you a little longer to read. [evolution]
  3918 | D:5      | Reached XP level 8. HP: 36/36 MP: 3/17
  4495 | D:6      | Found a staircase to the Ecumenical Temple.
  4513 | Temple   | Entered the Ecumenical Temple
  4628 | Temple   | Became a worshipper of Vehumet
  4650 | D:6      | Noticed Menkaure
  4680 | D:6      | Killed Menkaure
  5077 | D:6      | Found a runed door.
  5367 | D:6      | Noticed Crazy Yiuf
  5369 | D:6      | Killed Crazy Yiuf
  5559 | D:7      | Reached * piety under Vehumet
  5559 | D:7      | Offered knowledge of Flame Tongue by Vehumet.
  5573 | D:7      | HP: 1/36 [killer bee (1)]
  5574 | D:7      | Succumbed to a killer bee's poison

Vault maps used:
D:1:      minmay_arrival_solitary_statue
D:2:      first_bread
D:3:      hangedman_glass_teeth, uniq_grinder
D:4:      serial_glass, glass_columns_a, glass_columns_a, uniq_edmund
D:6:      minmay_temple_entry_hall, uniq_menkaure, uniq_crazy_yiuf_cottage
D:7:      xom_teletrap_fun, uniq_pikel
Temple:   compressed_dpeg_circular_temple

Skill      XL: |  1  2  3  4  5  6  7  8 |
---------------+-------------------------+-----
Ice Magic      | 4 5 6 8 |  8.5
Spellcasting   | 4 5 7 |  7.0
Conjurations   | 5 7 8 |  8.4
Dodging        | |  2.4
Stealth        | |  2.4

Action                   |  1- 3 |  4- 6 |  7- 9 || total
-------------------------+-------+-------+-------++-------
Melee: Unarmed           |       |     5 |       ||     5
       Flail             |       |       |     6 ||     6
 Cast: Freeze            |    56 |    20 |    48 ||   124
       Throw Icicle      |       |    13 |    55 ||    68
  Use: Potion            |       |       |     1 ||     1
 Stab: Confused          |       |     1 |       ||     1
  Eat: Chunk             |     1 |     6 |    16 ||    23
       Royal jelly       |       |       |     1 ||     1
Armor: Robe              |     4 |     2 |     6 ||    12
Dodge: Dodged            |    24 |     9 |    30 ||    63
